 Dungeon Crawl Stone Soup version 0.29-a0-557-g43b9904bd1 (webtiles) character file.

Game seed: 9945831799218552438

10656 Pelinal the Covert (level 11, -6/74 HPs)
             Began as a Red Draconian Conjurer on June 8, 2022.
             Was a Follower of Sif Muna.
             Killed from afar by a gargoyle (21 damage)
             ... with a stone arrow
             ... on level 12 of the Dungeon on June 9, 2022.
             The game lasted 00:39:59 (13264 turns).

Pelinal the Covert (Red Draconian Conjurer)        Turns: 13264, Time: 00:40:00

Health: -6/74      AC:  9    Str:  9    XL:     11   Next: 39%
Magic:  16/17      EV: 11    Int: 22    God:    Sif Muna [*.....]
Gold:   415        SH:  5    Dex: 11    Spells: 4/18 levels left

rFire   + . .      SeeInvis .   z - +2 dagger (venom)
rCold   . . .      Faith    .   A - +0 buckler
rNeg    . . .      Spirit   .   (body armour unavailable)
rPois   .          Reflect  .   (helmet restricted)
rElec   .          Harm     .   (no cloak)
rCorr   .          Rampage  .   y - +0 pair of gloves
Will    .....                   o - +0 pair of boots
Stlth   ++++......              (no amulet)
HPRegen 0.22/turn               (no ring)
MPRegen 0.15/turn               (no ring)

@: short of breath
A: breathe fire, AC +7, unfitting armour, fire resistance 1, cold-blooded
a: Breathe Fire, Renounce Religion, Channel Magic


You were on level 12 of the Dungeon.
You worshipped Sif Muna.
Sif Muna was aware of your devotion.
You visited 2 branches of the dungeon, and saw 12 of its levels.

You collected 450 gold pieces.
You spent 35 gold pieces at shops.

Inventory:

Hand Weapons
 z - a +2 dagger of venom (weapon)
 G - a +2 dagger of electrocution
 M - a +2 short sword of venom
Missiles
 f - 5 atropa-tipped darts
 s - 16 poisoned darts (quivered)
 L - a curare-tipped dart
Armour
 o - a +0 pair of boots (worn)
 y - a +0 pair of gloves (worn)
 A - a +0 buckler (worn)
Magical Staves
 d - a staff of cold
Jewellery
 n - a ring of resist corrosion
Wands
 l - a wand of iceblast (4)
 C - a wand of digging (14)
Scrolls
 h - a scroll of blinking
 i - 3 scrolls of fog
 j - a scroll of summoning {unknown}
 k - 3 scrolls of silence
 m - a scroll of enchant weapon {unknown}
 p - a scroll of brand weapon {unknown}
 r - a scroll of magic mapping {unknown}
 v - 3 scrolls of teleportation {unknown}
 w - 2 scrolls of fear {unknown}
 x - 2 scrolls of immolation {unknown}
 B - a scroll of poison {unknown}
 E - a scroll of noise {unknown}
 F - 4 scrolls of vulnerability
 J - a scroll of identify
Potions
 a - a potion of resistance {unknown}
 b - a potion of curing
 c - a potion of lignification {unknown}
 e - 2 potions of mutation
 g - a potion of magic
 q - 2 potions of flight {unknown}
 t - 4 potions of might
 D - a potion of brilliance {unknown}
 H - a potion of invisibility {unknown}
 I - a potion of cancellation {unknown}


   Skills:
 - Level 5.0 Short Blades
 - Level 6.0 Throwing
 - Level 1.7 Dodging
 + Level 9.0 Stealth
 - Level 5.0 Shields
 - Level 4.0 Spellcasting
 + Level 8.4 Conjurations
 + Level 6.9 Hexes
 - Level 5.0 Evocations


You had 4 spell levels left.
You knew the following spells:

 Your Spells              Type           Power      Damage    Failure   Level
a - Magic Dart            Conj           100%       1d8       1%          1
b - Searing Ray           Conj           82%        2d7       1%          2
c - Slow                  Hex            100%       N/A       1%          1
d - Dazzling Flash        Conj/Hex       76%        N/A       1%          3
e - Confusing Touch       Hex            35%        N/A       2%          3
f - Fulminant Prism       Conj/Hex       19%        3d11      6%          4

Your spell library contained the following spells:

 Spells                   Type           Power      Damage    Failure   Level
 Iskenderun's Mystic Bla  Conj/Tloc      23%        2d6       26%         4
 Vampiric Draining        Necr           4%         2d6       38%         3


Dungeon Overview and Level Annotations

Branches:
Dungeon (10/15)            Temple (1/1) D:7            Lair (0/6) D:10
    Orc: D:9-12

Altars:
Ashenzari
Cheibriados
Dithmenos
Elyvilon
Fedhas
Gozag
Hepliaklqana
Kikubaaqudgha
Makhleb
Nemelex Xobeh
Okawaru
Qazlal
Ru
Sif Muna
Trog
Uskayaw
Vehumet
Wu Jian
Xom
Yredelemnul
Zin
The Shining One

Shops:
D:2 !?(:   D:6 (

Annotations:
D:3 2 transporters, Hubjo's ghost, amateur DsTm; Sigmund


Innate Abilities, Weirdness & Mutations

You can breathe blasts of fire.
Your fiery red scales are hard. (AC +7)
You cannot fit into any form of body armour.
Your flesh is heat resistant. (rF+)
You are cold-blooded and may be slowed by cold attacks.


Message History

You breathe a blast of fire.
The fiery breath hits the troll!
The troll is moderately wounded.
The troll is engulfed in blazing flames.
You block the troll's attack. The troll claws you.
* * * LOW HITPOINT WARNING * * *
You block the troll's attack.
Unknown command.
You feel better.
The troll is engulfed in blazing flames.
You kill the troll!
Sif Muna accepts your kill.
Unknown command.
Aiming: Iceblast
Press: ? - help, Shift-Dir - straight line, f - gargoyle
Aim: a gargoyle, wielding a +0 morningstar The mass of ice explodes!
The iceblast engulfs the gargoyle!
The gargoyle is heavily damaged.
Unknown command.
Unknown command.
Unknown command.
Casting: Searing Ray (safe; 1% risk of failure)
Confirm with . or Enter, or press ? or * to list all spells.
Okay, then.
Casting: Searing Ray (safe; 1% risk of failure)
Confirm with . or Enter, or press ? or * to list all spells.
You can't see any susceptible monsters within range! (Use Z to cast anyway.) Unknown command.
Unknown command.
Casting: Searing Ray (safe; 1% risk of failure)
Confirm with . or Enter, or press ? or * to list all spells.
Okay, then.
Casting: Searing Ray (safe; 1% risk of failure)
Confirm with . or Enter, or press ? or * to list all spells.
Aiming: Slow (safe; 1% risk of failure)
Press: ? - help, Shift-Dir - straight line, f/p - gargoyle
Aim: a gargoyle, wielding a +0 morningstar (moderately damaged, chance to affect: 47%)
The gargoyle seems to slow down.
The gargoyle hurls a stone arrow at you.
The stone arrow hits you!!
You die...

#.....#.#.#.#.#
#.....#.#.#.#
#.....#.#9#.#
#.....#.#.#.#
Q.....#.#.#.# #
#.....O.#.#.#.#
#########.#.#.####
........9...##○#
#######.#.####@#
...#.# #.# #####.#
#.# #.####9#
#......# ########


You could see a gargoyle (slow).

Vanquished Creatures
  A yaktaur captain (D:12)
  2 centaur warriors (D:9)
  A tengu warrior (D:9)
  An ugly thing (D:9)
  An unseen horror (D:10)
  An efreet (D:9)
  A kobold demonologist (D:9)
  A troll (D:12)
  A hornet (D:10)
  A slime creature (D:9)
  A wyvern (D:7)
  12 yaks (D:10)
  A vampire (D:10)
  A wraith (D:9)
  A steam dragon (D:7)
  An acid dragon (D:8)
  2 water moccasins (D:7)
  2 ice beasts
  2 black bears
  2 sky beasts
  An orc warrior (D:10)
  3 ogres
  5 centaurs
  2 kobold brigands
  4 phantoms
  5 bullfrogs
  3 scorpions
  A necrophage (D:4)
  3 wights (D:9)
  6 killer bees (D:8)
  9 howler monkeys
  A jelly (D:5)
  3 hounds
  5 orc priests
  6 iguanas
  7 orc wizards
  Robin (D:2)
  8 gnolls
  6 adders
  A shadow imp (D:7)
  A white imp (D:5)
  2 ufetubi
  3 worms
  2 dart slugs
  38 orcs
  6 ball pythons
  10 bats
  14 endoplasms
  A giant cockroach (D:1)
  15 goblins
  8 hobgoblins
  7 jackals
  3 quokkas
  6 frilled lizards
  13 kobolds
  3 rats
  A fulminant prism (D:7)
249 creatures vanquished.

Vanquished Creatures (others)
  37 fulminant prisms
  14 fungi (D:10)
  12 plants (D:10)
63 creatures vanquished.

Grand Total: 312 creatures vanquished

Notes
Turn   | Place    | Note
-------+----------+-------------------------------------------
     0 | D:1      | Pelinal the Draconian Conjurer began the quest for the Orb.
     0 | D:1      | Reached XP level 1. HP: 14/14 MP: 3/3
   322 | D:1      | Reached skill level 2 in Stealth
   336 | D:1      | Reached XP level 2. HP: 17/20 MP: 0/5
  1023 | D:1      | Reached XP level 3. HP: 26/26 MP: 1/6
  1260 | D:1      | Found a faded altar of an unknown god.
  1564 | D:2      | Found Teloogh's Antique Weapon Shoppe.
  1601 | D:2      | Noticed Robin
  1873 | D:1      | Learned a level 2 spell: Searing Ray
  1916 | D:1      | Learned a level 1 spell: Slow
  2023 | D:2      | Killed Robin
  2150 | D:2      | Reached XP level 4. HP: 26/33 MP: 2/7
  2376 | D:2      | Reached skill level 1 in Hexes
  2574 | D:2      | Found Riurone's Magic Scroll Shoppe.
  2578 | D:2      | Bought a scroll of identify for 22 gold pieces
  2612 | D:2      | Reached skill level 5 in Conjurations
  2653 | D:2      | Found Fimeysche's Book Boutique.
  2746 | D:2      | Found Abolu's Distillery.
  2837 | D:2      | Learned a level 3 spell: Dazzling Flash
  2837 | D:2      | Bought a potion of degeneration for 13 gold pieces
  3079 | D:2      | Reached XP level 5. HP: 27/38 MP: 1/9
  3414 | D:3      | Noticed Sigmund
  3938 | D:3      | Found a transporter.
  3947 | D:3      | Noticed Hubjo's ghost (amateur DsTm)
  3952 | D:3      | Found a transporter.
  4136 | D:4      | Reached skill level 3 in Stealth
  4494 | D:4      | Reached XP level 6. HP: 39/44 MP: 6/10
  4727 | D:4      | Learned a level 3 spell: Confusing Touch
  5265 | D:5      | Entered Level 5 of the Dungeon
  5265 | D:5      | Noticed an ice beast
  5279 | D:5      | Killed an ice beast
  5370 | D:5      | Your scales start taking on a fiery red colour.
  5370 | D:5      | Reached XP level 7. HP: 42/50 MP: 4/12
  5370 | D:5      | Gained mutation: Your flesh is heat resistant. (rF+) [Red
                  | Draconian growth]
  5642 | D:5      | Reached skill level 4 in Stealth
  6244 | D:5      | Learned a level 4 spell: Fulminant Prism
  6348 | D:5      | Reached skill level 1 in Evocations
  6421 | D:5      | Reached skill level 1 in Throwing
  6421 | D:5      | Reached XP level 8. HP: 51/57 MP: 5/14
  7411 | D:6      | Found Eleam's Weapon Shoppe.
  7463 | D:6      | Reached skill level 5 in Evocations
  7822 | D:7      | Reached XP level 9. HP: 62/62 MP: 10/15
  7830 | D:7      | Reached skill level 1 in Short Blades
  7832 | D:7      | Reached skill level 5 in Throwing
  7923 | D:7      | Found an iron altar of Okawaru.
  7978 | D:7      | Reached skill level 1 in Shields
  8722 | D:7      | Found a staircase to the Ecumenical Temple.
  8748 | Temple   | Entered the Ecumenical Temple
  8866 | Temple   | Became a worshipper of Sif Muna the Loreminder
 10623 | D:9      | Reached skill level 5 in Short Blades
 10752 | D:9      | Reached skill level 5 in Shields
 10812 | D:9      | Reached XP level 10. HP: 67/69 MP: 13/16
 10856 | D:9      | Reached * piety under Sif Muna
 10863 | D:9      | Reached skill level 5 in Stealth
 11091 | D:9      | Noticed a tengu warrior
 11099 | D:9      | Killed a tengu warrior
 11100 | D:9      | Reached skill level 6 in Stealth
 11217 | D:9      | Reached skill level 7 in Stealth
 11302 | D:9      | Noticed a centaur warrior
 11303 | D:9      | Noticed a brown ugly thing
 11309 | D:9      | Killed a centaur warrior
 11310 | D:9      | Reached skill level 5 in Hexes
 11312 | D:9      | Killed a purple ugly thing
 11509 | D:9      | Noticed a centaur warrior
 11520 | D:9      | Killed a centaur warrior
 11521 | D:9      | Reached skill level 8 in Stealth
 11707 | D:9      | Noticed a deep elf knight
 11749 | D:9      | Identified the +2 helmet of Idu Dama {*Corrode rElec Str+5
                  | Int+3}
 11759 | D:10     | Entered Level 10 of the Dungeon
 12062 | D:10     | Reached XP level 11. HP: 61/74 MP: 6/17
 12624 | D:10     | Found a staircase to the Lair.
 12852 | D:10     | Identified the +1 chain mail of the Kangaroo {Dex+5}
 13190 | D:10     | You fall into a shaft and drop 2 floors!
 13193 | D:12     | Noticed a yaktaur captain
 13193 | D:12     | Found the +2 hat of the Bear Spirit {Spirit, *Rage Will++}
 13207 | D:12     | Killed a yaktaur captain
 13208 | D:12     | Reached skill level 9 in Stealth
 13217 | D:12     | Identified the ring of Rupel {EV+4 Int+4}
 13217 | D:12     | Noticed a tengu reaver
 13220 | D:12     | HP: 3/74 [poisoned by a tengu reaver (bolt of poison)]
 13224 | D:12     | Noticed a two-headed ogre
 13264 | D:12     | Killed from afar by a gargoyle

Illustrated notes

Levels and vault maps discovered:
D:1:      denvon_arrival_planthouse, layout_basic,
          dreamdust_ecumenical_altar_angels_and_demons
D:2:      layout_rooms, serial_shops, nicolae_lakefront_shop,
          nicolae_shop_advertising_works [nicolae_subvault_shop_adworks], shop,
          nicolae_shop_waterfront, uniq_robin
D:3:      layout_rooms, gammafunk_ghost_arena, hex_tiny, uniq_sigmund
D:4:      layout_rooms
D:5:      layout_gridville
D:6:      layout_rooms, serial_shops, shop, chequers_serial_rivers_micro_a,
          hangedman_decor_slide_cut
D:7:      layout_gridville, okawaru_ov_weapons_minmay,
          minmay_temple_entry_crystal_x
D:8:      layout_loops_corners
D:9:      minmay_shrinking_squares, layout_rooms
D:10:     layout_gridville, grunt_lair_entry_orc_guard_hut,
          minmay_misc_feat_room
D:12:     minmay_the_grid_3x2 [minmay_the_grid_broken_lines,
          minmay_the_grid_tri_star, minmay_the_grid_embedded,
          minmay_the_grid_garden, minmay_the_grid_pillar_ring,
          minmay_the_grid_prize_diamond_cup], layout_basic
Temple:   roderic_octagonal_lattice_temple

Skill      XL: |  1  2  3  4  5  6  7  8  9 10 11 |
---------------+----------------------------------+-----
Stealth        | 2 3 4 8 9 |  9.0
Hexes          | 1 2 3 4 6 |  6.9
Conjurations   | 5 6 7 8 |  8.4
Spellcasting   | 3 4 |  4.0
Evocations     | 1 5 |  5.0
Throwing       | 1 4 6 |  6.0
Short Blades   | 5 |  5.0
Shields        | 5 |  5.0
Dodging        | |  1.7

Action                   |  1- 3 |  4- 6 |  7- 9 | 10-12 || total
-------------------------+-------+-------+-------+-------++-------
Melee: Short sword       |    48 |    64 |     4 |       ||   116
       Tailslap          |    12 |    14 |    23 |    20 ||    69
       Quarterstaff      |       |     8 |       |       ||     8
       Punch             |       |     2 |       |       ||     2
       Dagger            |       |       |   160 |   100 ||   260
Throw: Dart              |       |     5 |     6 |     3 ||    14
 Cast: Magic Dart        |    63 |    91 |    39 |     2 ||   195
       Searing Ray       |     3 |    21 |    13 |     4 ||    41
       Slow              |       |     3 |     1 |     2 ||     6
       Dazzling Flash    |       |     2 |     3 |    12 ||    17
       Confusing Touch   |       |     1 |    14 |     4 ||    19
       Fulminant Prism   |       |       |    21 |    17 ||    38
Invok: Channel Magic     |       |       |       |     1 ||     1
 Abil: Breathe Fire      |       |       |    23 |     9 ||    32
Evoke: Wand              |       |     1 |     3 |    11 ||    15
  Use: Scroll            |       |     3 |       |     5 ||     8
       Potion            |       |     1 |     2 |     3 ||     6
 Stab: Paralysed         |       |    10 |     2 |     4 ||    16
       Invisible         |       |     3 |     1 |     9 ||    13
       Confused          |       |       |    12 |       ||    12
       Sleeping          |       |       |     5 |       ||     5
       Distracted        |       |       |     1 |     1 ||     2
Armor: Skin              |    16 |    30 |    72 |    33 ||   151
Dodge: Dodged            |    28 |    65 |   114 |    61 ||   268
Block: Buckler           |       |       |    17 |    30 ||    47

Table legend: (Time is in decaauts)
 A = Elapsed time spent in this place.
 B = Non-inter-level travel time spent in this place.
 C = Inter-level travel time spent in this place.
 D = Time resting spent in this place.
 E = Time spent auto-exploring this place.
 F = Levels seen in this place.
 G = Mean time per level.
                   A        B        C        D        E       F      G
               +--------+--------+--------+--------+--------+-----+--------+
         Total |  13224 |  12612 |    612 |   4044 |   5829 |  12 | 1102.0 |
       Dungeon |  12896 |  12327 |    569 |   4044 |   5565 |  11 | 1172.4 |
        Temple |    328 |    285 |     43 |      0 |    264 |   1 |  328.0 |
               +--------+--------+--------+--------+--------+-----+--------+

Top non-repeatable levels by time:
     D:1: 1899 daAuts
     D:5: 1566 daAuts
     D:8: 1463 daAuts
    D:10: 1400 daAuts
     D:3: 1272 daAuts
     D:2: 1272 daAuts
     D:7: 1248 daAuts
     D:9: 945 daAuts
     D:6: 921 daAuts
     D:4: 833 daAuts
  Temple: 328 daAuts
    D:12: 73 daAuts
